 Seeded DCSS version 0.30-a0-149-g7f746667c4 (webtiles) character file.

Game seed: 8094269855439003172 (custom seed)

11221 a11behringer the Basher (level 11, -2/103 HPs)
             Began as a Gargoyle Berserker on Sept 26, 2022.
             Was a High Priest of Trog.
             Slain by a lindwurm simulacrum (13 damage)
             ... in an ice cave on Sept 27, 2022.
             The game lasted 00:34:18 (9443 turns).

a11behringer the Basher (Gargoyle Berserker)        Turns: 9443, Time: 00:34:23

Health: -2/103     AC: 32    Str: 25    XL:     11   Next: 74%
Magic:  11/11      EV: 10    Int:  8    God:    Trog [*****.]
Gold:   895        SH:  4    Dex:  9    Spells: 10/10 levels left

rFire   . . .      SeeInvis .    y - +2 mace (vorpal)
rCold   + . .      Faith    .    J - +0 buckler
rNeg    + . .      Spirit   .    p - +0 chain mail
rPois   ∞          Reflect  .    i - +2 helmet
rElec   +          Harm     .    h - +2 cloak
rCorr   .          Rampage  .    u - -1 pair of gloves of Calculation {Regen+}
Will    ++...                    t - +1 pair of boots
Stlth   ..........               r - amulet of regeneration
HPRegen 2.87/turn                E - ring of protection from cold
MPRegen 0.12/turn                G - +4 ring of protection

@: berserking, strong-willed, regenerating, very quick
A: sickness immunity, AC +8, negative energy resistance 1, electricity
resistance, torment resistance 1, petrification resistance
a: Renounce Religion, Berserk, Trog's Hand, Brothers in Arms


You were in an ice cave.
You worshipped Trog.
Trog was extremely pleased with you.
You visited 1 branch of the dungeon, and saw 13 of its levels.
You also visited: Sewer and Ice Cave.

You collected 895 gold pieces.

Inventory:

Hand Weapons
 a - a +0 mace
 q - a +2 sling of flaming
 y - a +2 vorpal mace (weapon)
 R - a +0 great mace
 T - a +0 morningstar
 V - a +0 dire flail
Missiles
 d - 10 javelins (quivered)
 B - 4 throwing nets
Armour
 b - a +0 animal skin
 h - a +2 cloak (worn)
 i - a +2 helmet (worn)
 m - a +0 scale mail
 p - a +0 chain mail (worn)
 t - a +1 pair of boots (worn)
 u - the -1 pair of gloves of Calculation (worn) {Regen+}
   (You found it on level 3 of the Dungeon)

   Regen:     It increases your rate of health regeneration.
 J - a +0 buckler (worn)
Jewellery
 r - an amulet of regeneration (around neck)
 D - an amulet of reflection
 E - a ring of protection from cold (left hand)
 G - a +4 ring of protection (right hand)
 H - a ring of willpower
 Q - an amulet of faith
Wands
 k - a wand of mindburst (8)
 L - a wand of flame (25)
 U - a wand of iceblast (6)
Scrolls
 e - 5 scrolls of fear
 f - a scroll of blinking
 l - 5 scrolls of vulnerability
 o - a scroll of enchant weapon {unknown}
 s - a scroll of magic mapping {unknown}
 x - a scroll of torment
 A - 3 scrolls of teleportation
 K - 3 scrolls of amnesia {unknown}
Potions
 c - 4 potions of haste
 g - 2 potions of curing
 j - 5 potions of mutation
 n - 2 potions of brilliance
 v - a potion of ambrosia {unknown}
 w - 2 potions of flight {unknown}
 z - 3 potions of cancellation
 C - a potion of magic
 F - a potion of heal wounds {unknown}
 I - 2 potions of degeneration
 M - 2 potions of might
 N - 2 potions of lignification
 O - a potion of attraction {unknown}
 P - a potion of berserk rage {unknown}
 S - 3 potions of invisibility {unknown}


   Skills:
 + Level 8.9 Fighting
 * Level 11.3 Maces & Flails
 - Level 5.2 Ranged Weapons
 + Level 8.6 Armour
 + Level 6.5 Dodging
 + Level 4.8 Shields


You had 10 spell levels left.
You didn't know any spells.
Your spell library was empty.

Dungeon Overview and Level Annotations

Branches:
Dungeon (13/15)            Temple (0/1) D:5            Lair (0/5) D:9
    Orc (0/2) D:10          Sewer (visited)           IceCv (1/1)
 Vaults: D:13-14

Altars:
Dithmenos
Elyvilon
Hepliaklqana
Kikubaaqudgha
Makhleb
Okawaru
Qazlal
Sif Muna
Trog
Vehumet
The Shining One

Shops:
D:1 :   D:4 :   D:10 [


Innate Abilities, Weirdness & Mutations

You are immune to sickness and miasma.
Your stone body is resilient. (AC +8)
You are immune to poison.
You resist negative energy. (rN+)
You are resistant to electric shocks. (rElec)
You are resistant to unholy torment.
You are immune to petrification.


Message History

You feel strong-willed.
The komodo dragon simulacrum bites you but does no damage.
The komodo dragon simulacrum bites you!
The komodo dragon simulacrum freezes you.
You resist.
* * * LOW HITPOINT WARNING * * *
The lindwurm simulacrum misses you.
You block the lindwurm simulacrum's attack.
The lindwurm simulacrum claws you but does no damage.
A red film seems to cover your vision as you go berserk!
You feel yourself moving faster!
You feel mighty!
The komodo dragon simulacrum closely misses you.
The komodo dragon simulacrum bites you.
The komodo dragon simulacrum freezes you.
You resist.
* * * LOW HITPOINT WARNING * * *
The lindwurm simulacrum barely misses you.
The lindwurm simulacrum claws you.
* * * LOW HITPOINT WARNING * * *
The lindwurm simulacrum freezes you! You resist.
* * * LOW HITPOINT WARNING * * *
The lindwurm simulacrum claws you but does no damage.
You bludgeon the komodo dragon simulacrum!!
The komodo dragon simulacrum vaporises!
Trog accepts your kill.
You thump the komodo dragon simulacrum!
The komodo dragon simulacrum is almost destroyed.
The komodo dragon simulacrum bites you but does no damage.
The lindwurm simulacrum bites you but does no damage.
The lindwurm simulacrum misses you.
You block the lindwurm simulacrum's attack.
You hit the komodo dragon simulacrum.
The komodo dragon simulacrum is almost destroyed.
You sock the komodo dragon simulacrum!
The komodo dragon simulacrum vaporises!
Trog accepts your kill. The lindwurm simulacrum bites you!
* * * LOW HITPOINT WARNING * * *
The lindwurm simulacrum freezes you! You resist.
You die...

#### ##..##
##....### #
#......○##....
#.∩.∩.@☼....#
#......Z...##
##....##..##
##..## ###
####


You could see a lindwurm simulacrum.

Vanquished Creatures
  3 two-headed ogres
  An unseen horror (D:10)
  2 komodo dragons
  2 trolls (D:10)
  5 hornets
  A wraith (D:11)
  2 wyverns (D:9)
  8 yaks (D:10)
  A vampire (D:9)
  3 steam dragons
  4 water moccasins
  An acid dragon (D:9)
  5 black bears
  4 sky beasts
  2 orc warriors (D:10)
  2 ice beasts (D:6)
  2 ogres
  2 centaurs
  2 phantoms (D:5)
  7 kobold brigands
  7 bullfrogs
  2 gnoll sergeants
  A necrophage (D:5)
  2 scorpions
  6 wights
  6 killer bees (D:7)
  A howler monkey (D:4)
  2 komodo dragon simulacra (IceCv)
  5 hounds
  4 orc priests (D:5)
  A gnoll bouda (D:6)
  Jessica (D:3)
  2 iguanas (D:5)
  3 orc wizards
  A mummy (D:8)
  32 gnolls
  12 adders
  A river rat (Sewer)
  13 white imps
  An ufetubus (D:5)
  5 worms
  2 dart slugs
  43 orcs
  6 endoplasms
  7 giant cockroaches
  10 goblins
  3 hobgoblins
  20 jackals
  22 kobolds
  4 quokkas
  9 ball pythons
  7 bats
  4 frilled lizards
  2 hobgoblin zombies (D:8)
  A kobold zombie (D:8)
  An orc zombie (D:8)
  10 rats
318 creatures vanquished.

Vanquished Creatures (others)
  2 orcs (D:6)
  16 fungi (D:9)
  22 plants
40 creatures vanquished.

Grand Total: 358 creatures vanquished

Notes
Turn   | Place    | Note
-------+----------+-------------------------------------------
     0 | D:1      | a11behringer the Gargoyle Berserker began the quest for the
                  | Orb.
     0 | D:1      | Reached XP level 1. HP: 14/14 MP: 1/1
    99 | D:1      | Reached XP level 2. HP: 19/19 MP: 2/2
   136 | D:1      | Found a faded altar of an unknown god.
   277 | D:1      | Reached XP level 3. HP: 23/23 MP: 3/3
   293 | D:1      | Found Adeoweut's Book Shop.
   376 | D:1      | Reached ** piety under Trog
  1280 | D:2      | Reached XP level 4. HP: 29/29 MP: 4/4
  1650 | D:3      | Found a glowing drain.
  1675 | D:3      | Reached skill level 4 in Maces & Flails
  1676 | Sewer    | Entered a sewer
  1870 | Sewer    | Noticed a kobold brigand
  1882 | Sewer    | Killed a kobold brigand
  1883 | Sewer    | Reached XP level 5. HP: 33/33 MP: 5/5
  2155 | Sewer    | Noticed a kobold brigand
  2155 | Sewer    | Noticed a kobold brigand
  2168 | Sewer    | Killed a kobold brigand
  2169 | Sewer    | Reached XP level 6. HP: 39/39 MP: 6/6
  2174 | Sewer    | Reached *** piety under Trog
  2175 | Sewer    | Reached skill level 5 in Maces & Flails
  2175 | Sewer    | Reached skill level 1 in Ranged Weapons
  2618 | D:3      | Found a shadowy altar of Dithmenos.
  2620 | D:3      | Noticed Jessica
  2627 | D:3      | Identified the -1 pair of gloves of Calculation {Regen+}
  2723 | D:3      | Killed Jessica
  3130 | D:3      | Found a bloodstained altar of Trog.
  3208 | D:4      | Found a hazy altar of Hepliaklqana.
  3239 | D:4      | Reached XP level 7. HP: 40/44 MP: 7/7
  3493 | D:4      | Reached skill level 5 in Fighting
  3626 | D:4      | Reached skill level 6 in Maces & Flails
  3631 | D:4      | Reached XP level 8. HP: 47/49 MP: 8/8
  3658 | D:4      | Reached **** piety under Trog
  4275 | D:4      | Found a white marble altar of Elyvilon.
  4284 | D:4      | Found a stormy altar of Qazlal.
  4394 | D:4      | Found Zupte's Book Emporium.
  4702 | D:5      | Entered Level 5 of the Dungeon
  4702 | D:5      | Found a staircase to the Ecumenical Temple.
  4785 | D:5      | Reached skill level 5 in Armour
  4978 | D:5      | Reached skill level 7 in Maces & Flails
  5055 | D:5      | Found a burning altar of Makhleb.
  5272 | D:6      | Reached XP level 9. HP: 40/55 MP: 9/9
  5518 | D:6      | Reached skill level 8 in Maces & Flails
  5634 | D:6      | Reached ***** piety under Trog
  5794 | D:7      | Noticed a hornet
  5807 | D:7      | Killed a hornet
  5861 | D:7      | Noticed a hornet
  5875 | D:7      | Killed a hornet
  5944 | D:7      | Reached XP level 10. HP: 63/63 MP: 10/10
  5966 | D:7      | Reached skill level 5 in Dodging
  6016 | D:7      | Reached skill level 9 in Maces & Flails
  6016 | D:7      | Reached skill level 5 in Ranged Weapons
  6046 | D:7      | HP: 3/63 [killer bee (5)]
  6751 | D:8      | Reached skill level 1 in Shields
  7444 | D:9      | Found a staircase to the Lair.
  7520 | D:9      | Reached skill level 10 in Maces & Flails
  7969 | D:9      | Found a radiant altar of Vehumet.
  8238 | D:10     | Entered Level 10 of the Dungeon
  8248 | D:10     | Found Zachuava's Armour Boutique.
  8249 | D:10     | Found a staircase to the Orcish Mines.
  8255 | D:10     | Reached XP level 11. HP: 68/68 MP: 11/11
  8753 | D:10     | Found an iron altar of Okawaru.
  8753 | D:10     | Found a glowing golden altar of the Shining One.
  8753 | D:10     | Found a shimmering blue altar of Sif Muna.
  8753 | D:10     | Found an ancient bone altar of Kikubaaqudgha.
  9223 | D:11     | Noticed a two-headed ogre
  9233 | D:11     | Killed a two-headed ogre
  9234 | D:11     | Reached skill level 11 in Maces & Flails
  9263 | D:11     | You fall into a shaft and drop 2 floors!
  9318 | D:12     | Noticed a two-headed ogre
  9332 | D:12     | Killed a two-headed ogre
  9358 | D:12     | Noticed a two-headed ogre
  9370 | D:12     | Killed a two-headed ogre
  9390 | D:12     | Found a frozen archway.
  9432 | IceCv    | Entered an ice cave
  9443 | IceCv    | Slain by a lindwurm simulacrum

Illustrated notes

Levels and vault maps discovered:
D:1:      shiori_arrival_oz, layout_basic,
          chequers_ecumenical_altar_simple_redux, serial_shops,
          nicolae_shop_statue_plus, minmay_misc_feat_five,
          palyth_stone_intersect
D:2:      layout_loops_ring
D:3:      layout_loops_ring, amcnicky_altar_gilded, lightli_temple_of_fire,
          cheibrodos_sewer_entry_bend, uniq_jessica
D:4:      lemuel_castle_with_subvaults [lemuel_castle_interior_original],
          layout_basic, nicolae_hepliaklqana_hazy_memory,
          mainiacjoe_overflow_swirl, serial_shops,
          nicolae_shop_advertising_works [nicolae_subvault_shop_adworks]
D:5:      wad_pebble_path, layout_cave_pools,
          mainiacjoe_overflow_surrounded_room, minmay_temple_entry_stoned_glass,
          guppyfry_early_lair_pool
D:6:      layout_rooms, corexii_checkpoint_a
D:7:      layout_basic, hangedman_abyss_or_decor_stabs
D:8:      layout_gridville, minmay_mini_ossuary
D:9:      layout_loops_corners, mainiacjoe_overflow_six_doors_small,
          due_lair_maze_entry_diamond
D:10:     layout_loops_ring, grunt_temple_overflow_cloverleaf, orc_david_3
D:11:     layout_roguey, gammafunk_ghost_split
D:12:     layout_basic, portal_ice_cave_entry_imps
D:13:     minmay_the_grid_octo_2x2 [minmay_the_grid_octo_tetromino_candy,
          minmay_the_grid_octo_checkered, minmay_the_grid_octo_chip,
          minmay_the_grid_octo_prize_single_spiral], layout_irregular_city,
          uniq_sonja
IceCv:    ice_cave_small_dragons

Skill      XL: |  1  2  3  4  5  6  7  8  9 10 11 |
---------------+----------------------------------+-----
Dodging        | 2 3 4 5 6 |  6.5
Armour         | 3 4 5 6 7 8 |  8.6
Maces & Flails | 4 5 6 7 8 10 11 | 11.3
Fighting       | 4 5 6 7 8 |  8.9
Ranged Weapons | 1 2 3 4 5 |  5.2
Shields        | 2 4 |  4.8

Action                   |  1- 3 |  4- 6 |  7- 9 | 10-12 || total
-------------------------+-------+-------+-------+-------++-------
Melee: Mace              |   131 |   215 |   533 |   519 ||  1398
       Punch             |     1 |     1 |     8 |     1 ||    11
Invok: Berserk           |     2 |     2 |     3 |     4 ||    11
       Trog's Hand       |       |       |     4 |     5 ||     9
  Use: Scroll            |       |       |     9 |     7 ||    16
 Stab: Distracted        |     1 |       |       |       ||     1
       Sleeping          |     1 |       |       |       ||     1
Armor: Animal skin       |    76 |       |       |       ||    76
       Scale mail        |    18 |       |       |       ||    18
       Chain mail        |     8 |   182 |   640 |   609 ||  1439
Dodge: Dodged            |   126 |    99 |   455 |   362 ||  1042
Block: Buckler           |       |       |       |    78 ||    78

Table legend: (Time is in decaauts)
 A = Elapsed time spent in this place.
 B = Non-inter-level travel time spent in this place.
 C = Inter-level travel time spent in this place.
 D = Time resting spent in this place.
 E = Time spent auto-exploring this place.
 F = Levels seen in this place.
 G = Mean time per level.
                   A        B        C        D        E       F      G
               +--------+--------+--------+--------+--------+-----+--------+
         Total |   9745 |   8805 |    940 |      0 |   6373 |  15 |  649.7 |
       Dungeon |   8727 |   7787 |    940 |      0 |   5616 |  13 |  671.3 |
         Sewer |   1009 |   1009 |      0 |      0 |    757 |   1 | 1009.0 |
      Ice Cave |      9 |      9 |      0 |      0 |      0 |   1 |    9.0 |
               +--------+--------+--------+--------+--------+-----+--------+

Top non-repeatable levels by time:
     D:4: 1549 daAuts
   Sewer: 1009 daAuts
     D:9: 976 daAuts
    D:10: 967 daAuts
     D:1: 887 daAuts
     D:7: 887 daAuts
     D:3: 822 daAuts
     D:2: 727 daAuts
     D:8: 588 daAuts
     D:5: 553 daAuts
     D:6: 545 daAuts
    D:12: 133 daAuts
    D:11: 56 daAuts
    D:13: 31 daAuts
   IceCv: 9 daAuts
